 Dungeon Crawl Stone Soup version 0.29-a0-821-g6639535 (webtiles) character file.

Game seed: 10242043895588046400

30 PurpleRed the Sneak (level 3, -1/21 HPs)
             Began as a Deep Elf Brigand on July 7, 2022.
             Slain by a rat (2 damage)
             ... on level 1 of the Dungeon.
             The game lasted 00:02:42 (311 turns).

PurpleRed the Sneak (Deep Elf Brigand)               Turns: 311, Time: 00:02:42

Health: -1/21      AC:  3    Str:  8    XL:     3   Next: 5%
Magic:  9/9        EV: 12    Int: 17    God:
Gold:   40         SH:  0    Dex: 16    Spells: 8/8 levels left

rFire   . . .      SeeInvis .   a - +2 dagger
rCold   . . .      Faith    .   (no shield)
rNeg    . . .      Spirit   .   b - +0 robe
rPois   +          Reflect  .   (no helmet)
rElec   .          Harm     .   c - +0 cloak
rCorr   .          Rampage  .   (no gloves)
Will    .....                   (no boots)
Stlth   +++.......              (no amulet)
HPRegen 0.07/turn               g - ring of poison resistance
MPRegen 0.11/turn               (no ring)

@: no status effects
A: no striking features
a: no special abilities


You were on level 1 of the Dungeon.
You visited 1 branch of the dungeon, and saw 2 of its levels.

You collected 40 gold pieces.

Inventory:

Hand Weapons
 a - a +2 dagger (weapon)
Missiles
 d - 9 poisoned darts (quivered)
 e - 2 curare-tipped darts
Armour
 b - a +0 robe (worn)
 c - a +0 cloak (worn)
Jewellery
 g - a ring of poison resistance (left hand)
Scrolls
 f - a scroll of identify


   Skills:
 - Level 2.0 Fighting
 - Level 2.0 Short Blades
 - Level 2.0 Throwing
 - Level 1.2 Dodging
 - Level 4.8 Stealth
 + Level 3.2 Spellcasting


You had 8 spell levels left.
You didn't know any spells.
Your spell library was empty.

Dungeon Overview and Level Annotations

Branches:
Dungeon (2/15)

Altars:


Message History

Found 19 gold pieces.
You barely miss the hobgoblin. You closely miss the hobgoblin.
The hobgoblin hits you.
* * * LOW HITPOINT WARNING * * *
You aren't carrying any potions.
As you read the scroll labelled ELOURA YLOASH, it crumbles to dust.
It is a scroll of identify.
You don't have any unidentified items.
The hobgoblin barely misses you.
Throw: 3 darts (curare)
Press: ? - help, Shift-Dir - straight line, f - hobgoblin
Aim: a hobgoblin (62% to hit)
You throw a curare-tipped dart.
The curare-tipped dart hits the hobgoblin.
The hobgoblin is poisoned.
The hobgoblin convulses.
You kill the hobgoblin!
You have reached level 3!
Your experience leads to an increase in your attributes!
Increase (S)trength, (I)ntelligence, or (D)exterity?
You feel clever. x2
You hit the hobgoblin but do no damage. The hobgoblin misses you.
You hit the hobgoblin but do no damage. The hobgoblin closely misses you.
You completely miss the hobgoblin. The hobgoblin misses you.
You hit the hobgoblin but do no damage. The hobgoblin closely misses you.
You hit the hobgoblin.
The hobgoblin is moderately wounded.
The hobgoblin misses you.
You hit the hobgoblin.
You kill the hobgoblin!
The ball python misses you. The ball python completely misses you.
You hit the ball python.
You kill the ball python!
You barely miss the rat. You barely miss the rat. The rat closely misses you.
You closely miss the rat. The rat bites you.
* * * LOW HITPOINT WARNING * * *
You completely miss the rat. The rat bites you but does no damage.
You hit the rat but do no damage. The rat closely misses you.
You barely miss the rat. The rat bites you.
You die...

##.##..#......♣
.......>....?.♣♣♣
####g...>.......♣
.......)#S^...♣♣
#.r####.#.###$♣
..........g...♣♣♣♣
. ......#.#...w..♣
##....#.#.##r#..♣
..........##@# #.#
.##w#.#......# #
.?#.#....#.. ##
.......##.$ ...
........# ..# ...#
........ ..# ...#
.... .## .... ....
.# ....


You could see a dart slug and a rat.

Vanquished Creatures
  A dart slug (D:1)
  2 ball pythons (D:1)
  2 endoplasms (D:1)
  6 giant cockroaches (D:1)
  A goblin (D:1)
  4 hobgoblins (D:1)
  3 bats (D:1)
  4 frilled lizards (D:1)
  4 rats (D:1)
27 creatures vanquished.

Notes
Turn   | Place    | Note
-------+----------+-------------------------------------------
     0 | D:1      | PurpleRed the Deep Elf Brigand began the quest for the Orb.
     0 | D:1      | Reached XP level 1. HP: 12/12 MP: 3/3
    24 | D:1      | Reached skill level 1 in Spellcasting
   103 | D:1      | Reached XP level 2. HP: 15/17 MP: 4/6
   299 | D:1      | Reached XP level 3. HP: 2/21 MP: 9/9
   308 | D:1      | HP: 1/21 [rat (2)]
   311 | D:1      | Slain by a rat

Illustrated notes

Levels and vault maps discovered:
D:1:      dpeg_arrival_prison, layout_basic, serial_glass, glass_columns_a,
          glass_columns_b, chequers_ecumenical_altar_grove,
          minmay_misc_feat_secret_circle, minmay_misc_feat_doors
D:2:      layout_rooms, basic_altar

Skill      XL: |  1  2 |
---------------+-------+-----
Spellcasting   | 1 3 |  3.2
Fighting       | 2 |  2.0
Short Blades   | |  2.0
Throwing       | |  2.0
Dodging        | |  1.2
Stealth        | |  4.8

Action                   || total
-------------------------++-------
Melee: Dagger            ||    77
Throw: Dart              ||     1
  Use: Scroll            ||     1
 Stab: Sleeping          ||     8
Armor: Robe              ||    15
Dodge: Dodged            ||    39

Table legend: (Time is in decaauts)
 A = Elapsed time spent in this place.
 B = Non-inter-level travel time spent in this place.
 C = Inter-level travel time spent in this place.
 D = Time resting spent in this place.
 E = Time spent auto-exploring this place.
 F = Levels seen in this place.
 G = Mean time per level.
                   A        B        C        D        E       F      G
               +--------+--------+--------+--------+--------+-----+--------+
         Total |    302 |    302 |      0 |      0 |      0 |   2 |  151.0 |
       Dungeon |    302 |    302 |      0 |      0 |      0 |   2 |  151.0 |
               +--------+--------+--------+--------+--------+-----+--------+

Top non-repeatable levels by time:
     D:1: 288 daAuts
     D:2: 13 daAuts
